 Dungeon Crawl Stone Soup version 0.25.1-2-g60ff931df9 (webtiles) character file.

Game seed: 4614904458332519165

59 pokeman the Magician (level 3, -1/20 HPs)
             Began as a Deep Elf Wizard on Oct 17, 2020.
             Slain by a gnoll
             ... wielding a +0 flail
              (15 damage)
             ... on level 2 of the Dungeon.
             The game lasted 00:02:02 (1463 turns).

pokeman the Magician (Deep Elf Wizard)              Turns: 1463, Time: 00:02:03

Health: -1/20      AC:  3    Str: 10    XL:     3   Next: 78%
Magic:  2/11       EV: 13    Int: 23    God:
Gold:   52         SH:  0    Dex: 13    Spells: 1/12 levels left

rFire    . . .     SeeInvis .   o - +1 short sword (flame)
rCold    . . .     Gourm    .   (no shield)
rNeg     . . .     Faith    .   a - +0 robe
rPois    .         Spirit   .   b - +0 hat
rElec    .         Reflect  .   (no cloak)
rCorr    .         Harm     .   (no gloves)
MR       .....                  j - +0 pair of boots
Stlth    ++........             (no amulet)
HPRegen  0.06/turn              f - +6 ring of strength
MPRegen  0.12/turn              (no ring)

@: no status effects
A: no striking features
a: no special abilities


You were on level 2 of the Dungeon.
You were hungry.

You visited 1 branch of the dungeon, and saw 2 of its levels.

You collected 52 gold pieces.

Inventory:

Hand Weapons
 o - a +1 short sword of flaming (weapon)
Armour
 a - a +0 robe (worn)
 b - a +0 hat (worn)
 j - a +0 pair of boots (worn)
Jewellery
 f - a +6 ring of strength (left hand)
Scrolls
 c - a scroll of fear {unknown}
 e - 2 scrolls of teleportation {unknown}
 n - a scroll of identify {unknown}
Potions
 g - a potion of flight {unknown}
 h - a potion of magic {unknown}
 i - a potion of might {unknown}
 k - a potion of ambrosia {unknown}
 l - a potion of mutation {unknown}
Comestibles
 d - 3 rations
 m - 2 chunks of flesh


   Skills:
 + Level 1.0 Fighting
 + Level 1.0 Armour
 - Level 2.4 Dodging
 - Level 2.4 Stealth
 * Level 5.4 Spellcasting
 + Level 2.0 Conjurations
 - Level 1.1 Summonings
 - Level 1.1 Translocations


You had one spell level left.
You knew the following spells:

 Your Spells              Type           Power        Failure   Level  Hunger
a - Magic Dart            Conj           ###.         4%          1    None
b - Mephitic Cloud        Conj/Pois/Air  #.......     21%         3    ##.....
c - Call Imp              Summ           ##......     9%          2    None
d - Blink                 Tloc           N/A          9%          2    None
e - Conjure Flame         Conj/Fire      ##......     19%         3    ##.....

Your spell library contained the following spells:

 Spells                   Type           Power        Failure   Level  Hunger
 Slow                     Hex            #.......     14%         2    None


Dungeon Overview and Level Annotations

Branches:
Dungeon (2/15)

Altars:


Message History

The gnoll is severely wounded.
The gnoll closely misses you.
You hit the gnoll. You burn the gnoll.
The gnoll is severely wounded.
The jackal closely misses you.
A jackal comes into view.
The gnoll barely misses you. The jackal misses you.
You hit the gnoll. You burn the gnoll.
You kill the gnoll!
Your Conjurations skill increases to level 2!
The jackal barely misses you. The jackal closely misses you.
You hit the jackal but do no damage. The jackal completely misses you.
The gnoll barely misses you. The jackal bites you.
You see here a dart slug corpse.
You hit the jackal. You burn the jackal.
You kill the jackal!
The jackal misses you. The gnoll hits you with a +0 flail!
Ouch! That really hurt!
You die...

#....# #.##.....##.# # #...##
##........#.# ###
#....###.##...>..#.# #..
.....#.#.#.###.>....#.#######.#
##.###.##.## #.#.####.........#
###.##### #.#.# #########.#
#.......# #)..# #..
#.#..##.###h### #..
####.##.##...†@g)# #.#
...........?...#.# #...
####.##.##.###.#.# ....
#.##.....w..... .#.
#....÷..#..$#.#.
###.........#.#..
..............# ##
##....)......### #.###....#..#


You could see a gnoll and a jackal.

Vanquished Creatures
  3 gnolls (D:2)
  An adder (D:2)
  A dart slug (D:2)
  2 giant cockroaches (D:1)
  2 goblins
  4 hobgoblins
  A jackal (D:2)
  3 bats
  3 frilled lizards (D:1)
  4 rats
24 creatures vanquished.

Notes
Turn   | Place    | Note
-------+----------+-------------------------------------------
     0 | D:1      | pokeman the Deep Elf Wizard began the quest for the Orb.
     0 | D:1      | Reached XP level 1. HP: 10/10 MP: 7/7
   862 | D:1      | Reached XP level 2. HP: 15/15 MP: 7/9
  1208 | D:2      | Reached skill level 5 in Spellcasting
  1373 | D:2      | Reached XP level 3. HP: 20/20 MP: 4/11
  1378 | D:2      | Learned a level 3 spell: Mephitic Cloud
  1381 | D:2      | Learned a level 2 spell: Call Imp
  1384 | D:2      | Learned a level 2 spell: Blink
  1388 | D:2      | Learned a level 3 spell: Conjure Flame
  1454 | D:2      | Reached skill level 1 in Fighting
  1454 | D:2      | Reached skill level 1 in Armour
  1463 | D:2      | Slain by a gnoll

Illustrated notes

Levels and vault maps discovered:
D:1:      dpeg_arrival_short_road, layout_basic
D:2:      layout_loops_ring, grunt_dithmenos_smoke_and_mirrors

Skill      XL: |  1  2  3 |
---------------+----------+-----
Spellcasting   | 5 |  5.4
Fighting       | 1 |  1.0
Armour         | 1 |  1.0
Conjurations   | 2 |  2.0
Dodging        | |  2.4
Stealth        | |  2.4
Summonings     | |  1.1
Translocations | |  1.1

Action                   || total
-------------------------++-------
Melee: Unarmed           ||    10
       Short sword       ||     9
 Cast: Magic Dart        ||    58
       Mephitic Cloud    ||     1
  Eat: Chunk             ||     1
Armor: Robe              ||     4
Dodge: Dodged            ||    28
